 Dungeon Crawl Stone Soup version 0.19.0-2-gae57169 (webtiles) character file.

17241 Monkfish the Unseen (level 12, -11/75 HPs)
             Began as a Kobold Berserker on Nov 5, 2016.
             Was a Priest of Trog.
             Mangled by a frost giant
             ... wielding a +2 battleaxe of freezing
              (31 damage)
             ... in an ice cave.
             The game lasted 00:28:50 (10074 turns).

Monkfish the Unseen (Kobold Berserker)             Turns: 10074, Time: 00:28:51

Health: -11/75     AC:  7    Str: 23    XL:     12   Next: 80%
Magic:  16/16      EV: 30    Int:  8    God:    Trog [***...]
Gold:   388        SH:  8    Dex: 25    Spells: 0 memorised, 11 levels left

rFire  . . .     SeeInvis .     r - +1 dagger (elec)
rCold  + . .     Gourm    .     p - +1 leather armour {rC+}
rNeg   . . .     Faith    .     j - +0 buckler
rPois  .         Spirit   .     B - +0 helmet
rElec  .         Reflect  .     o - +0 cloak
rCorr  .         Harm     .     (no gloves)
MR     ++...                    u - +0 pair of boots
Stlth  +++++++++.               (no amulet)
                                v - ring of stealth
                                w - +4 ring of strength

@: mighty, agile, exhausted, regenerating, slowed, very slow
A: carnivore 3
a: Berserk, Trog's Hand, Burn Spellbooks, Renounce Religion


You were in an ice cave.
You worshipped Trog.
Trog was most pleased with you.
You were full.

You visited 2 branches of the dungeon, and saw 11 of its levels.
You also visited: Ice Cave.

You collected 554 gold pieces.
You spent 166 gold pieces at shops.

Inventory:

Hand Weapons
 i - a +6 dagger of freezing
 r - a +1 dagger of electrocution (weapon)
Armour
 j - a +0 buckler (worn)
 o - a +0 cloak (worn)
 p - a +1 leather armour of cold resistance (worn)
 u - a +0 pair of boots (worn)
 B - a +0 helmet (worn)
Jewellery
 g - an uncursed ring of resist corrosion
 v - a ring of stealth (right hand)
 w - a +4 ring of strength (left hand)
Wands
 e - a wand of teleportation (1/9)
 h - a wand of acid (0/15)
 t - a wand of polymorph (8/24)
 y - a wand of enslavement (0/24)
 A - a wand of paralysis (12/24)
 G - a wand of slowing (33/48)
Scrolls
 b - 3 scrolls of immolation
 n - 2 scrolls of remove curse
 D - a scroll of blinking
Potions
 d - 4 potions of heal wounds
 k - a potion of agility
 l - 3 potions of might
 m - 10 potions of curing
 x - a potion of flight {unknown}
 z - a potion of cure mutation {unknown}
 C - a potion of resistance
 F - a potion of haste {unknown}
Comestibles
 a - 2 royal jellies
 c - 6 meat rations
 f - 9 slices of pizza
 q - 5 beef jerkies


   Skills:
 + Level 8.9 Fighting
 + Level 11.6 Short Blades
 - Level 1.5 Armour
 + Level 9.7 Dodging
 + Level 16.3 Stealth
 - Level 5.8 Shields
 + Level 6.6 Evocations


You had 11 spell levels left.
You didn't know any spells.

Dungeon Overview and Level Annotations

Branches:
Dungeon (10/15)            Temple (0/1) D:7            Lair (1/6) D:9
    Orc (0/2) D:10

Altars:
Cheibriados
Elyvilon
Gozag
Nemelex Xobeh
Uskayaw
Vehumet
Xom
Beogh

Shops:
D:7 }   D:10 [*[


Innate Abilities, Weirdness & Mutations

You are small and have problems with some larger weapons.
You are carnivorous and can eat meat at any time.


Message History

You hit the frost giant but do no damage.
There is a sudden explosion of sparks!
The frost giant is heavily wounded.
You hit the frost giant.
The frost giant is severely wounded.
You feel a strong urge to attack something.
You feel your anger subside.
You are no longer berserk.
You are exhausted.
You feel yourself slow down.
As you read the scroll of fog, it crumbles to dust.
The scroll dissolves into smoke.
The frost giant closely misses you. The frost giant casts a spell at you.
The bolt of cold misses you. The frost giant misses you.
You barely miss the frost giant.
The frost giant is heavily wounded.
The frost giant hits you with a battleaxe of freezing!!
You die...

####### ########
......## ##....§§##
##.....####..###§§§##
####....#...###§@§§.#
####...### ##C§§##
≈≈##..####### #§h###
≈##≈#}####..####§§#
≈≈≈≈.#.#..##.#.§###
≈§#.##..#####.###
≈##.hC### ### ##..###
#..##


You could see a frost giant and a polar bear.

Vanquished Creatures
  Fannar (D:10)
  An unseen horror (D:10)
  A hill giant (D:10)
  An ice statue (IceCv)
  2 centaur skeletons (D:10)
  2 komodo dragons (D:9)
  Grinder (D:5)
  13 polar bears (IceCv)
  4 hippogriffs
  Prince Ribbit (D:6)
  A wraith (D:10)
  Sigmund (D:5)
  Eustachio (D:5)
  4 hogs (D:8)
  A steam dragon (D:9)
  12 yaks (IceCv)
  A human (D:8)
  A hungry ghost (D:8)
  Menkaure (D:6)
  A water moccasin (Lair:1)
  Duvessa (D:5)
  A hornet zombie (D:7)
  An ice beast (D:8)
  4 orc warriors
  2 necrophages
  An eye of draining (D:10)
  3 phantoms
  15 wolves (IceCv)
  A centaur (D:4)
  4 ogres
  Blork the orc (D:4)
  9 bullfrogs
  A wyvern zombie (D:8)
  A wyvern skeleton (D:6)
  4 scorpions
  Dowan (D:5)
  A water moccasin skeleton (D:10)
  The ghost of azzavlup the Poker, a weakling MfSk (D:3)
  21 killer bees
  8 howler monkeys
  4 bullfrog zombies
  5 crimson imps
  3 quasits
  3 orc priests
  5 hounds
  2 bullfrog skeletons (D:7)
  A gnoll shaman (D:7)
  3 jellies
  Crazy Yiuf (D:5)
  9 iguanas
  8 orc wizards
  10 worker ants
  A hound zombie (D:9)
  2 hound skeletons
  A worker ant zombie (D:4)
  4 gnolls (D:7)
  8 adders
  2 river rats (Lair:1)
  A shadow imp (D:5)
  4 oozes
  An adder zombie (D:8)
  6 worms
  2 dart slugs
  6 leopard geckos
  47 orcs
  7 bats
  2 giant cockroaches
  7 goblins
  6 hobgoblins
  25 jackals
  6 kobolds
  4 quokkas
  A ball python (D:1)
  4 frilled lizards
  A leopard gecko skeleton (D:8)
  8 rats
  A plant (Lair:1)
343 creatures vanquished.

Vanquished Creatures (collateral kills)
  2 yaks (IceCv)
  A bullfrog (D:10)
  3 orcs (D:10)
6 creatures vanquished.

Vanquished Creatures (others)
  2 yaks (IceCv)
  2 wolves (IceCv)
  An orc (D:10)
5 creatures vanquished.

Grand Total: 354 creatures vanquished

Notes
Turn   | Place    | Note
-------+----------+-------------------------------------------
     0 | D:1      | Monkfish the Kobold Berserker began the quest for the Orb.
     0 | D:1      | Reached XP level 1. HP: 14/14 MP: 1/1
   175 | D:1      | Reached XP level 2. HP: 19/19 MP: 2/2
   241 | D:1      | Reached skill level 1 in Stealth
   342 | D:1      | Reached XP level 3. HP: 15/24 MP: 3/3
   411 | D:1      | Reached ** piety under Trog
   815 | D:1      | Reached skill level 5 in Short Blades
  1014 | D:1      | Reached skill level 10 in Stealth
  1014 | D:1      | Reached XP level 4. HP: 29/29 MP: 3/8
  1022 | D:2      | Reached XP level 5. HP: 33/33 MP: 3/9
  1841 | D:3      | Noticed azzavlup's ghost (weakling MfSk)
  1881 | D:3      | Killed azzavlup's ghost
  1922 | D:3      | Reached XP level 6. HP: 30/38 MP: 10/10
  2030 | D:3      | Reached *** piety under Trog
  2640 | D:4      | Reached skill level 11 in Stealth
  2659 | D:4      | Reached XP level 7. HP: 40/43 MP: 11/11
  3125 | D:4      | Found a sparkling altar of Nemelex Xobeh.
  3198 | D:4      | Noticed Blork the orc
  3204 | D:4      | Killed Blork the orc
  3439 | D:4      | Reached XP level 8. HP: 48/48 MP: 12/12
  3585 | D:5      | Entered Level 5 of the Dungeon
  3671 | D:5      | Reached skill level 1 in Shields
  3706 | D:5      | Noticed Dowan
  3707 | D:5      | Noticed Duvessa
  3715 | D:5      | Killed Dowan
  3727 | D:5      | Killed Duvessa
  3747 | D:5      | Noticed Sigmund
  3791 | D:5      | Noticed Grinder
  3802 | D:5      | Killed Grinder
  3860 | D:5      | Noticed Eustachio
  3865 | D:5      | Killed Eustachio
  3865 | D:5      | Reached skill level 5 in Fighting
  3865 | D:5      | Reached XP level 9. HP: 54/54 MP: 13/13
  3896 | D:5      | Killed Sigmund
  4063 | D:5      | Reached **** piety under Trog
  4156 | D:5      | Reached skill level 12 in Stealth
  4215 | D:5      | Found a runed door.
  4219 | D:5      | Noticed Crazy Yiuf
  4223 | D:5      | Killed Crazy Yiuf
  4283 | D:6      | Noticed Prince Ribbit
  4296 | D:6      | Killed Prince Ribbit
  4312 | D:6      | Noticed Menkaure
  4318 | D:6      | Killed Menkaure
  4515 | D:6      | Reached XP level 10. HP: 50/60 MP: 14/14
  4570 | D:6      | Found a shimmering altar of Xom.
  4600 | D:6      | Found a hide-covered altar of Uskayaw.
  5352 | D:7      | Reached skill level 10 in Short Blades
  5381 | D:7      | Found a staircase to the Ecumenical Temple.
  5467 | D:7      | Found Qeatapt's Gadget Shoppe.
  5525 | D:7      | Bought a wand of paralysis (10/24) for 144 gold pieces
  5749 | D:8      | Reached ***** piety under Trog
  5881 | D:8      | Reached skill level 13 in Stealth
  6588 | D:8      | Reached XP level 11. HP: 65/66 MP: 15/15
  6872 | D:9      | Found a snail-covered altar of Cheibriados.
  6881 | D:9      | Found a white marble altar of Elyvilon.
  6968 | D:9      | Reached skill level 14 in Stealth
  6981 | D:9      | Received a gift from Trog
  7097 | D:9      | Found a radiant altar of Vehumet.
  7360 | D:9      | Reached skill level 5 in Shields
  7422 | D:9      | Found a staircase to the Lair.
  7565 | D:10     | Entered Level 10 of the Dungeon
  7597 | D:10     | Noticed a hill giant
  7607 | D:10     | Killed a hill giant
  7723 | D:10     | Found Ciwkojee's Armour Shoppe.
  7783 | D:10     | Reached skill level 15 in Stealth
  7822 | D:10     | Killed an unseen horror
  7992 | D:10     | Found an opulent altar of Gozag.
  7992 | D:10     | Found Honoskesie's General Store.
  8000 | D:10     | Bought a scroll of identify for 22 gold pieces
  8094 | D:10     | Found a roughly hewn altar of Beogh.
  8094 | D:10     | Found a staircase to the Orcish Mines.
  8111 | D:10     | Noticed an orc knight
  8412 | D:10     | Noticed Fannar
  8446 | D:10     | Killed Fannar
  8485 | D:10     | Found Guaveiw's Antique Armour Shoppe.
  8744 | Lair:1   | Entered Level 1 of the Lair of Beasts
  8792 | Lair:1   | Reached XP level 12. HP: 72/72 MP: 16/16
  8862 | Lair:1   | Found a frozen archway.
  8872 | IceCv    | Entered an ice cave
  9227 | IceCv    | Reached skill level 16 in Stealth
 10036 | IceCv    | Noticed a frost giant
 10074 | IceCv    | Mangled by a frost giant

Skill      XL: |  1  2  3  4  5  6  7  8  9 10 11 12 |
---------------+-------------------------------------+-----
Stealth        | 1 10 11 12 13 15 16 | 16.3
Short Blades   | 5 6 8 9 10 11 | 11.6
Dodging        | 6 7 9 |  9.7
Evocations     | 6 |  6.6
Fighting       | 4 5 6 7 8 |  8.9
Shields        | 1 2 4 5 |  5.8
Armour         | |  1.5

Action                   |  1- 3 |  4- 6 |  7- 9 | 10-12 || total
-------------------------+-------+-------+-------+-------++-------
Melee: Short sword       |   106 |   202 |   191 |       ||   499
       Dagger            |       |       |   130 |   900 ||  1030
Invok: Berserk           |     3 |     3 |     7 |    13 ||    26
       Trog's Hand       |       |     2 |     6 |    16 ||    24
       Burn Spellbooks   |       |     1 |       |     2 ||     3
       Brothers in Arms  |       |       |       |     3 ||     3
Evoke: Wand              |       |       |       |    21 ||    21
  Use: Scroll            |     6 |     5 |     6 |    12 ||    29
       Potion            |     1 |       |       |     3 ||     4
 Stab: Sleeping          |     2 |    16 |    10 |    46 ||    74
       Distracted        |       |     1 |     1 |     2 ||     4
       Paralysed         |       |       |       |     5 ||     5
       Invisible         |       |       |       |     2 ||     2
  Eat: Chunk             |     7 |    13 |    10 |    32 ||    62
       Meat ration       |       |       |       |     1 ||     1
Armor: Animal skin       |    14 |       |       |       ||    14
       Leather armour    |     4 |    17 |    23 |    78 ||   122
Dodge: Dodged            |    76 |   157 |   147 |   474 ||   854
Block: Buckler           |       |       |    32 |   183 ||   215
